[Event "Live Chess"]
[Site "Chess.com"]
[Date "2023.05.21"]
[Round "-"]
[White "profpirate4"]
[Black "ChessClubLive"]
[Result "0-1"]
[WhiteElo "1267"]
[BlackElo "1767"]
[TimeControl "300"]
[EndTime "0:59:32 PDT"]
[Termination "ChessClubLive won by checkmate"]

1. d4 d5 2. c4 Nc6 3. Nc3 e5 4.
dxe5 Be6 5. cxd5 Bf5 6. dxc6 Qxd1+ 7. Nxd1 bxc6 8. Nc3 O-O-O 9. e4 Be6 10. Ba6+ Kb8 11. Nf3 f5 12. O-O fxe4 13. Ng5 Bd5 14. Nxd5 cxd5 15. Ne6 Re8 16. Nc5 Bxc5 17. Be3 Bb6 18.
a4 d4 19. Bf4 Ba5 20. b4 Bxb4 21. Rab1 c5 22. e6+ Ka8 23. Rfc1 Rxe6 24. Bb5 a6 25. Rxb4 axb5 26. Rxc5 Ne7 27. axb5 Rc8 28. Ra4+ Kb7 29. Rg5 e3 30. Rxd4 Rc1+ 31. Rd1 Rxd1# 0-1

[Event "Live Chess"]
[Site "Chess.com"]
[Date "2023.05.21"]
[Round "-"]
[White "BJAW87"]
[Black "Salpingidis"]
[Result "0-1"]
[WhiteElo "1439"]
[BlackElo "2220"]
[TimeControl "300"]
[EndTime "0:59:37 PDT"]
[Termination "Salpingidis won by resignation"]

1. e4 e6 2. d4 d5 3. exd5 exd5 4. Nf3 Bd6 5. Bd3 Ne7 6. O-O O-O 7. Re1 Nbc6 8. c3 Bf5 9. Bg5 f6 10. Bh4 Qd7 11. Qc2 Rae8 12. Nbd2 Bxd3 13. Qxd3 Nf5 14. Bg3 Nxg3 15. hxg3 Rxe1+ 16. Rxe1 Re8 17. Rxe8+ Qxe8 18. Nf1 a6 19. Ne3 Bf8 20. Nxd5 Qf7 21. c4 b5 22. b3 Na5 23. Qc3 Nb7 24. Nf4 Nd6 25. d5 Ne4 26. Qa5 Bc5 27. Qxa6 Bxf2+ 28. Kf1 Bxg3 29. Qc8+ Qf8 30.
Qxf8+ Kxf8 31. Ne6+ Ke7 32. Nxc7 Bxc7 33. cxb5 Nc3 34. a4 Nxd5 35. Nd4 Kd6 36. Nf5+ Kc5 37. Nxg7 Kb4 38. Ne8 Be5 39. b6 Nxb6 40. a5 Kxa5 41. Ng7 Kb4 0-1

[Event "Live Chess"]
[Site "Chess.com"]
[Date "2023.05.21"]
[Round "-"]
[White "Rusty_Bridges"]
[Black "TKDRyan"]
[Result "1-0"]
[WhiteElo "1529"]
[BlackElo "1138"]
[TimeControl "300"]
[EndTime "0:59:39 PDT"]
[Termination "Rusty_Bridges won by resignation"]

1. e4 c5 2. Be2 d6 3. f4 Nc6 4. Nf3 Nf6 5. d3 e6 6. O-O a6 7. Nc3 b5 8. a3 Bb7 9. Be3 Be7 10.
f5 exf5 11. exf5 O-O 12. Bg5 h6 13. Bh4 d5 14. Re1 c4 15. d4 Qe8 16. Ne5 Nxe5 17. dxe5 Ne4 18. Nxe4 dxe4 19. Bxe7 Qxe7 20. e6 Qc5+ 21.
Kh1 Qxf5 22. exf7+ Rxf7 23. a4 Raf8 24. b3 Qg5 25.
Rg1 Rf2 26. bxc4 e3 27. Bf3 e2 28. Bd5+ Kh8 29. Qe1 Bxd5 30. cxd5 Qxg2+ 31. Rxg2 Rf1+ 32. Rg1 Rxe1 33. Raxe1 Rf2 34. Rg2 Rf1+ 35. Rg1 Rf2 36. axb5 axb5 37. d6 Kg8 38. d7 Kf7 1-0

[Event "Live Chess"]
[Site "Chess.com"]
[Date "2023.05.21"]
[Round "-"]
[White "Leonid_Starozhilov"]
[Black "WelshTiger"]
[Result "1-0"]
[WhiteElo "2657"]
[BlackElo "2360"]
[TimeControl "300"]
[EndTime "0:59:40 PDT"]
[Termination "Leonid_Starozhilov won by resignation"]

1. e4 c5 2. Nf3 d6 3. Bb5+ Nd7 4. O-O a6 5. Bxd7+ Bxd7 6. c3 Nf6 7. Re1 e5 8. d4 Qc7 9. dxe5 dxe5 10. Bg5 Be7 11. c4 Be6 12. b3 Rd8 13. Qe2 h6 14. Bxf6 Bxf6 15. Nc3 O-O 16. Rad1 Qa5 17. Nd5 Bxd5 18.
exd5 Rfe8 19. Qc2 Qc7 20. Re4 g6 21. Rde1 Bg7 22. Qc3 f5 23. Rxe5 Rxe5 24. Nxe5 b5 25. f4 bxc4 26. bxc4 g5 27. Qd3 Qa5 28. Rf1 Rf8 29.
d6 Qd8 30. Qd5+ Kh7 31. d7 Qf6 32. Nc6 1-0

[Event "Live Chess"]
[Site "Chess.com"]
[Date "2023.05.21"]
[Round "-"]
[White "raminguy"]
[Black "booktrunk"]
[Result "1-0"]
[WhiteElo "1944"]
[BlackElo "1287"]
[TimeControl "300"]
[EndTime "0:59:49 PDT"]
[Termination "raminguy won by checkmate"]

1. d4 d5 2. Nc3 Bf5 3. f3 e6 4. e4 dxe4 5. fxe4 Bg6 6. h4 Bb4 7.
Bd3 h5 8. Nf3 Nc6 9. Bf4 Bxc3+ 10. bxc3 Nf6 11. Bg5 Qd7 12. Rb1 O-O-O 13. O-O Nh7 14.
Bxd8 Rxd8 15. Qc1 Nf6 16. Qb2 b6 17. Bb5 Bxe4 18. Ne5 Qd5 19. Bxc6 Qa5 20. Bxe4 Nxe4 21.
Nc6 Qd5 22. Nxd8 Kxd8 23. Rxf7 Nd2 24. Re1 Ne4 25. Qb4 Nd6 26. Rxg7 Nf5 27. Qf8# 1-0

[Event "Live Chess"]
[Site "Chess.com"]
[Date "2023.05.21"]
[Round "-"]
[White "whitedjohn"]
[Black "Driftboard"]
[Result "1/2-1/2"]
[WhiteElo "1634"]
[BlackElo "862"]
[TimeControl "300"]
[EndTime "1:00:01 PDT"]
[Termination "Game drawn by agreement"]

1. e4 e5 2. Nf3 Nc6 3. Bb5 Nf6 4. d3 a6 5. Ba4 b5 6. Bb3 d6 7. h3 Be7 8. O-O O-O 9. Bg5 Na5 10. c3 Nxb3 11.
Qxb3 Nd7 12. Bxe7 Qxe7 13. a4 Nc5 14. Qc2 bxa4 15. Nbd2 Bd7 16. d4 exd4 17. cxd4 Nb3 18. Nxb3 axb3 19. Qxb3 Rab8 20. Qc2 c6 21. Rxa6 c5 22.
dxc5 dxc5 23. Rfa1 Bb5 24. R6a5 Qd7 25. Qxc5 Be2 26.
Ne5 1/2-1/2

[Event "Live Chess"]
[Site "Chess.com"]
[Date "2023.05.21"]
[Round "-"]
[White "Ian-Morley"]
[Black "mach247"]
[Result "0-1"]
[WhiteElo "1044"]
[BlackElo "1337"]
[TimeControl "300"]
[EndTime "1:00:16 PDT"]
[Termination "mach247 won by resignation"]

1. e4 d5 2. exd5 Qxd5 3. Nc3 Qd8 4. d4 Nf6 5. g3 Bg4 6. Be2 Bxe2 7. Qxe2 e6 8. Bg5 Be7 9. Nf3 O-O 10. Ne5 h6 11.
Bxf6 Bxf6 12. f4 Nd7 13. Nxd7 Qxd7 14. Ne4 Qxd4 15. Nxf6+ Qxf6 16. c3 Rfd8 17. O-O Rd6 18. Rad1 Rad8 19. Rxd6 Rxd6 20. Rd1 Qe7 21. Rxd6 Qxd6 22.
Qb5 b6 23. Qe8+ Kh7 24. Qxf7 Qd1+ 25. Kg2 Qe2+ 26. Kh3 Qxb2 27. Qxe6 Qxc3 28. Qf5+ g6 29. Qf7+ Qg7 30. Qe8 c5 31. a4 c4 32. Qc6 c3 33.
Qe4 Qc7 34. f5 Qd7 35. Qc2 Qxf5+ 36. Qxf5 gxf5 0-1

[Event "Live Chess"]
[Site "Chess.com"]
[Date "2023.05.21"]
[Round "-"]
[White "Woodpusher500"]
[Black "diana21strabt"]
[Result "0-1"]
[WhiteElo "1240"]
[BlackElo "1720"]
[TimeControl "300"]
[EndTime "1:00:35 PDT"]
[Termination "diana21strabt won by resignation"]

1. e4 d5 2. exd5 Qxd5 3. Nc3 Qa5 4. d4 Nf6 5. Bd2 Bg4 6. Nf3 Nc6 7. Ne4 Qf5 8. Bd3 Nxe4 9. Bxe4 Qxe4+ 10. Qe2 Qxe2+ 11. Kxe2 Bxf3+ 12. Kxf3 Nxd4+ 13. Ke3 Nxc2+ 14. Ke2 Nxa1 15. Rxa1 e6 16. Rc1 O-O-O 17. Bf4 Bd6 18. Bxd6 Rxd6 19.
Rd1 Rhd8 20. Rxd6 Rxd6 0-1

[Event "Live Chess"]
[Site "Chess.com"]
[Date "2023.05.21"]
[Round "-"]
[White "chessfiction"]
[Black "JamesWallman"]
[Result "1-0"]
[WhiteElo "2353"]
[BlackElo "755"]
[TimeControl "300"]
[EndTime "1:00:44 PDT"]
[Termination "chessfiction won by resignation"]

1. e4 e5 2. d4 exd4 3. c3 dxc3 4.
Bc4 Nf6 5. Qb3 Qe7 6. Nxc3 Nxe4 7. Nd5 Nd2+ 8. Kxd2 Nc6 9. Nxe7 Bxe7 10. Nf3 d6 11. Bxf7+ 1-0

[Event "Live Chess"]
[Site "Chess.com"]
[Date "2023.05.21"]
[Round "-"]
[White "BostonStrangler"]
[Black "Tiltador"]
[Result "1-0"]
[WhiteElo "2068"]
[BlackElo "761"]
[TimeControl "300"]
[EndTime "1:00:45 PDT"]
[Termination "BostonStrangler won by checkmate"]

1. Nf3 d5 2. c4 dxc4 3. Qa4+ c6 4.
Qxc4 Be6 5. Qf4 Qd6 6. d3 Qxf4 7. Bxf4 f6 8. Nc3 g6 9. g3 Bg7 10. Bg2 f5 11. Ng5 Bd5 12. Bxd5 cxd5 13. Nxd5 Na6 14.
Ne6 Bxb2 15. Rb1 Ba3 16. Ndc7+ Nxc7 17. Nxc7+ Kf7 18. Nxa8 Nf6 19. Nc7 b6 20. Nb5 Bc5 21. d4 Bd6 22. Nxd6+ exd6 23. Bxd6 Rd8 24. Be5 Ne4 25.
f3 Nc3 26. Rc1 Nxa2 27. Rc7+ Kg8 28. Rxa7 Nc3 29. Kf2 Nd5 30. Rc1 b5 31. e4 fxe4 32.
fxe4 Rf8+ 33. Ke2 Nb4 34. Rg7+ Kh8 35. Rxg6+ Rf6 36. Rc8# 1-0

[Event "Live Chess"]
[Site "Chess.com"]
[Date "2023.05.21"]
[Round "-"]
[White "JohanKjeldahl"]
[Black "BillythekidFellowes"]
[Result "1-0"]
[WhiteElo "1910"]
[BlackElo "2029"]
[TimeControl "300"]
[EndTime "1:00:48 PDT"]
[Termination "JohanKjeldahl won by checkmate"]

1. c4 e6 2. Nc3 d5 3. d4 Nf6 4. Nf3 Bb4 5. Bd2 Nc6 6. e3 O-O 7. a3 Bxc3 8. Bxc3 Ne4 9. Bd3 f5 10. O-O g5 11. Nd2 Qe8 12. f3 Nxc3 13. bxc3 Ne7 14.
e4 dxe4 15. fxe4 Qg6 16. exf5 exf5 17. Nf3 c5 18. Qe2 Nc6 19. d5 Na5 20. Rae1 Bd7 21. Ne5 Qg7 22. Nxd7 Qxd7 23. Qe6+ Qxe6 24. Rxe6 f4 25.
Re7 Rae8 26. Rfe1 Rxe7 27. Rxe7 g4 28. Bxh7+ Kh8 29. Bd3 f3 30. Kf2 fxg2+ 31. Kxg2 Rf3 32. Be2 Rxc3 33. Bxg4 Nxc4 34. Be6 Rxa3 35. Rxb7 a5 36.
Rc7 Ne3+ 37. Kf2 c4 38. d6 Rd3 39. d7 Nd1+ 40. Ke2 Nc3+ 41. Kf1 a4 42. Bxc4 Rd1+ 43.
Kg2 Rd2+ 44. Kf3 a3 45. Rc8+ Kg7 46. d8=Q Rxd8 47. Rxd8 a2 48. Bxa2 Nxa2 49. Kf4 Nb4 50. Kg5 Nc6 51. Rd7+ Kg8 52. Kf6 Nb4 53. h4 Nc2 54. h5 Ne3 55. h6 Ng4+ 56. Kg5 Ne5 57. Re7 Nc6 58. Re3 Nb4 59. Kg6 Kf8 60. h7 Nd5 61.
h8=Q# 1-0

[Event "Live Chess"]
[Site "Chess.com"]
[Date "2023.05.21"]
[Round "-"]
[White "SupremeTactician"]
[Black "f4nomore"]
[Result "1-0"]
[WhiteElo "2284"]
[BlackElo "1405"]
[TimeControl "300"]
[EndTime "1:00:57 PDT"]
[Termination "SupremeTactician won on time"]

1. e4 g6 2. d4 Bg7 3. Nf3 d6 4.
c4 Nf6 5. Nc3 O-O 6. Be2 Nbd7 7.
O-O c5 8. Be3 cxd4 9. Bxd4 b6 10.
b3 Bb7 11. Bd3 Nc5 12. Bxc5 dxc5 13. Bc2 Qxd1 14. Raxd1 Ng4 15. Nd5 e6 16. Nc7 Rad8 17. Nb5 a6 18. Nd6 Ba8 19. h3 Nf6 20. e5 Nd7 21. Rfe1 Bxf3 22. gxf3 Nxe5 23. Kg2 Nc6 24.
Ne4 Nd4 25. Bb1 f5 26. Ng5 h6 27. Rxd4 hxg5 28. Rxd8 Rxd8 29. Rxe6 Rd2 30. Rxg6 Kh7 31.
Rxg5 Bd4 32. Rxf5 Rxf2+ 33. Kg3 Rf1 34. Be4 Rg1+ 35. Kf4 Kh6 36. Rf7 Rg7 37. Rxg7 Kxg7 38.
Bb7 a5 39. Kf5 Bf2 40. f4 Bh4 41. Ke6 Bg3 42. f5 Kf8 43. Kd7 Kf7 44. Kc6 Kf6 45.
Kxb6 Kxf5 46. Kxc5 Be1 47. Bc8+ Kf6 48. a3 Ke7 49. b4 axb4 50. axb4 Kd8 51. Bg4 Kc7 52. b5 Bf2+ 53. Kd5 Kb6 54. Bf3 1-0

[Event "Live Chess"]
[Site "Chess.com"]
[Date "2023.05.21"]
[Round "-"]
[White "MaximKris"]
[Black "JoeyCage"]
[Result "0-1"]
[WhiteElo "1819"]
[BlackElo "2304"]
[TimeControl "300"]
[EndTime "1:01:01 PDT"]
[Termination "JoeyCage won on time"]

1. e4 c5 2. Nf3 Nc6 3. Bb5 g6 4. O-O Bg7 5. Bxc6 dxc6 6. c3 Nf6 7. Re1 c4 8. b3 cxb3 9. axb3 O-O 10. d4 b6 11. c4 Bg4 12. e5 Nd7 13. h3 Bxf3 14. Qxf3 c5 15. Bb2 cxd4 16. Bxd4 e6 17. Nc3 Nc5 18. Bxc5 bxc5 19. Nb5 Qb6 20. Rad1 Rfd8 21. Rd6 Qa5 22. Red1 Rab8 23. Rd7 Rxd7 24. Rxd7 Qe1+ 25. Kh2 Qxe5+ 26. g3 Qf6 27. Qg2 Qb2 28. Qf3 Bf6 29. Rxa7 Rd8 30. Ra8 Rxa8 31. Qxa8+ Kg7 32. Qf3 Bd4 33.
Nxd4 Qxd4 34. Kg2 e5 35. Qe3 f5 36. Qxd4 exd4 37. Kf3 Kf6 38. Ke2 f4 39. Kd3 fxg3 40. fxg3 Ke5 41. h4 h5 42. Ke2 Ke4 43. Kd2 Kf3 44.
b4 cxb4 45. c5 b3 46. c6 b2 47. Kc2 d3+ 48. Kxb2 d2 49. c7 d1=Q 50. c8=Q Qd4+ 51.
Kc2 Qe4+ 52. Kd2 Kxg3 53. Qc3+ Kxh4 54. Qf6+ Kg4 55. Qf1 Qf4+ 56. Qxf4+ Kxf4 57. Ke2 Kg3 58. Kf1 Kh2 59. Kf2 g5 0-1

[Event "Live Chess"]
[Site "Chess.com"]
[Date "2023.05.21"]
[Round "-"]
[White "LiamClery2020"]
[Black "Vitalii18a"]
[Result "1-0"]
[WhiteElo "2020"]
[BlackElo "1105"]
[TimeControl "300"]
[EndTime "1:01:16 PDT"]
[Termination "LiamClery2020 won by checkmate"]

1. e4 e5 2. Nc3 d6 3. d4 exd4 4. Qxd4 Nf6 5. Bg5 Be7 6. Nf3 O-O 7. O-O-O Nc6 8. Qd2 Bg4 9. Be2 Bh5 10. Rhe1 a5 11.
Bxf6 Bxf6 12. Nd5 Bxf3 13. Bxf3 Bg5 14. Ne3 f5 15. exf5 Rxf5 16. Kb1 Rb5 17. Qd3 Qf6 18. Qxb5 d5 19. Bxd5+ Kh8 20. Bxc6 bxc6 21. Qf5 Qe7 22. Nd5 Qd6 23. Qxg5 cxd5 24. Qxd5 Qxd5 25. Rxd5 h6 26. Re7 Rf8 27. f3 Rf6 28. Rdd7 Rg6 29. g4 h5 30. h3 hxg4 31. hxg4 Kh7 32. Rxc7 Kh6 33. Rxg7 Rxg7 34. Rxg7 Kxg7 35. c3 Kf6 36. b4 axb4 37. cxb4 Kg5 38. a4 Kf4 39. a5 Kxf3 40. a6 Ke3 41. a7 Kf3 42. a8=Q+ Kg3 43. Qc8 Kh4 44. b5 Kg5 45. b6 Kh4 46. b7 Kg3 47.
b8=Q+ Kh4 48. Qh8+ Kg5 49. Qg7+ Kh4 50. Qh2# 1-0

[Event "Live Chess"]
[Site "Chess.com"]
[Date "2023.05.21"]
[Round "-"]
[White "RamsayFlayer"]
[Black "mirandaasilva"]
[Result "0-1"]
[WhiteElo "1970"]
[BlackElo "1657"]
[TimeControl "300"]
[EndTime "1:01:18 PDT"]
[Termination "mirandaasilva won by checkmate"]

1. e4 c5 2. c3 d5 3. exd5 Qxd5 4.
d4 Nf6 5. Nf3 Bg4 6. Be2 Nc6 7.
h3 Bh5 8. dxc5 Qxd1+ 9. Bxd1 O-O-O 10. b4 e5 11. g4 Bg6 12. O-O h5 13. Bg5 hxg4 14.
hxg4 Be7 15. Bxf6 gxf6 16. Bb3 Rd3 17. Nfd2 Rdh3 18. f3 Bd3 19. Bxf7 Bxf1 20. Kxf1 Rh1+ 21. Kf2 R8h2+ 22. Ke3 Nd8 23. Bg6 Kc7 24. a4 Ne6 25.
Ra2 Nf4 26. Bd3 Re1+ 27. Be2 Rexe2# 0-1

[Event "Live Chess"]
[Site "Chess.com"]
[Date "2023.05.21"]
[Round "-"]
[White "whitedjohn"]
[Black "BJAW87"]
[Result "1-0"]
[WhiteElo "1638"]
[BlackElo "1435"]
[TimeControl "300"]
[EndTime "1:01:42 PDT"]
[Termination "whitedjohn won by resignation"]

1. e4 c6 2. d4 d5 3. exd5 cxd5 4.
Bd3 Nc6 5. c3 Nf6 6. Bf4 Qb6 7.
Qb3 Qxb3 8. axb3 e6 9. Nd2 Be7 10. Ngf3 O-O 11. O-O a6 12. b4 b5 13. Bxb5 Bd7 14. Bxa6 Rfc8 15. Bxc8 1-0

[Event "Live Chess"]
[Site "Chess.com"]
[Date "2023.05.21"]
[Round "-"]
[White "KeithArkell"]
[Black "OceanFloater"]
[Result "1-0"]
[WhiteElo "2523"]
[BlackElo "1019"]
[TimeControl "300"]
[EndTime "1:01:44 PDT"]
[Termination "KeithArkell won by checkmate"]

1. d4 c6 2. Nf3 d5 3. c4 Bf5 4. e3 e6 5. Bd3 Bxd3 6. Qxd3 Nf6 7. O-O Ne4 8. Nbd2 Nxd2 9. Bxd2 Nd7 10. a3 c5 11.
cxd5 exd5 12. dxc5 Bxc5 13. Qxd5 Qe7 14. Bc3 O-O 15.
Rad1 Nf6 16. Bxf6 Qxf6 17. Qxc5 Rfc8 18. Qe5 Qc6 19. Nd4 Qb6 20. Nf5 f6 21. Qe7 Qc7 22. Rd7 Qxd7 23. Qxd7 Rc7 24. Qxc7 Rf8 25. Qxg7# 1-0

[Event "Live Chess"]
[Site "Chess.com"]
[Date "2023.05.21"]
[Round "-"]
[White "ranvir123"]
[Black "OleksiyJr1"]
[Result "0-1"]
[WhiteElo "916"]
[BlackElo "972"]
[TimeControl "300"]
[EndTime "1:01:57 PDT"]
[Termination "OleksiyJr1 won by resignation"]

1. e4 c5 2. Nf3 Nc6 3. d4 cxd4 4. Nxd4 Nf6 5. Nxc6 bxc6 6. Nc3 e5 7. Bg5 Bb4 8. a3 Bxc3+ 9. bxc3 O-O 10. Bc4 h6 11.
Bh4 Bb7 12. Rb1 Rb8 13. O-O d5 14. exd5 cxd5 15. Bxf6 Qxf6 16. Bxd5 Bxd5 17. Qxd5 Rxb1 18.
Rxb1 Rd8 19. Qe4 Qd6 20. h3 Qxa3 21. Qxe5 Qa2 22. Rc1 a5 23. c4 a4 24. Ra1 Qxc2 25. Rxa4 Qxa4 26. Qc5 Qd1+ 27. Kh2 Qd6+ 28. Qxd6 Rxd6 29.
c5 Rc6 30. Kg3 Rxc5 31. Kf4 Rc2 32. Ke3 f5 33. Kd3 0-1

[Event "Live Chess"]
[Site "Chess.com"]
[Date "2023.05.21"]
[Round "-"]
[White "maxwalden"]
[Black "matt1979"]
[Result "0-1"]
[WhiteElo "1211"]
[BlackElo "1540"]
[TimeControl "300"]
[EndTime "1:02:10 PDT"]
[Termination "matt1979 won by resignation"]

1. d4 e6 2. c4 f5 3. Nc3 Bb4 4. Bf4 Nf6 5. a3 Bxc3+ 6. bxc3 Ne4 7. Qc2 O-O 8. Nf3 d6 9. e3 b6 10. Bd3 Bb7 11. Nd2 Nxd2 12. Qxd2 Nd7 13. O-O Nf6 14. d5 e5 15. Bg5 e4 16. Be2 Qe8 17. Bxf6 Rxf6 18.
Qd4 Rh6 19. Rab1 Qe7 20. h3 Qg5 21. a4 Rxh3 22. f4 Qg3 23. Qd1 Rh2 24. Rf2 Qh4 0-1

[Event "Live Chess"]
[Site "Chess.com"]
[Date "2023.05.21"]
[Round "-"]
[White "hturner40"]
[Black "Biranidun"]
[Result "0-1"]
[WhiteElo "1788"]
[BlackElo "2534"]
[TimeControl "300"]
[EndTime "1:02:21 PDT"]
[Termination "Biranidun won by resignation"]

1. Nf3 Nf6 2. g3 g6 3. Bg2 Bg7 4. O-O O-O 5. d3 d6 6. e4 c5 7.
Nbd2 Nc6 8. c3 Bg4 9. h3 Bxf3 10. Nxf3 Rc8 11. Nh4 b5 12. a3 Nd7 13. f4 a5 14. f5 b4 15. axb4 axb4 16. Bd2 Nde5 17.
Qe2 Qb6 18. Kh1 Bf6 19. Nf3 Nxf3 20. Rxf3 bxc3 21. Bxc3 Nd4 22. Bxd4 Bxd4 23. Rb1 Ra8 24. fxg6 hxg6 25. h4 Kg7 26. g4 Rh8 27. h5 gxh5 28.
g5 Ra2 29. Qf1 Rf8 30. Rh3 Rxb2 31. Rxb2 Qxb2 32. Rxh5 e6 33. Bf3 Ra8 34. Bd1 Qf2 35.
Qxf2 Bxf2 36. Kg2 Bd4 37. Kf3 Ra2 38. Be2 Kg6 39. Rh8 Bxh8 0-1

[Event "Live Chess"]
[Site "Chess.com"]
[Date "2023.05.21"]
[Round "-"]
[White "tpm07"]
[Black "EdenHazard8"]
[Result "1-0"]
[WhiteElo "1937"]
[BlackElo "1952"]
[TimeControl "300"]
[EndTime "1:02:58 PDT"]
[Termination "tpm07 won by resignation"]

1. e4 e5 2. Nf3 Nc6 3. Bb5 Nf6 4. d3 d6 5. Nbd2 Be7 6. h3 h6 7. Nf1 Be6 8. Ng3 Qd7 9. c3 O-O-O 10. Qa4 Kb8 11. Be3 a6 12. Bxc6 Qxc6 13. Qxc6 bxc6 14. Ke2 Kc8 15. b4 Kd7 16. a4 Ra8 17. c4 Rhb8 18.
Bd2 a5 19. b5 cxb5 20. axb5 a4 21. Ra2 c6 22. bxc6+ Kxc6 23. Rha1 Nd7 24. Rxa4 Rxa4 25. Rxa4 Nc5 26. Ra7 Bd8 27. Ra2 Rb3 28. Ne1 Nxd3 29. Nxd3 Bxc4 30. Rc2 Kb5 31. Rxc4 Kxc4 32. Nc1 Rb2 33.
Kd1 Bb6 34. f3 g6 35. Nf1 Bc5 36. Be3 Rxg2 37. Bxc5 dxc5 38. Ne3+ 1-0

[Event "Live Chess"]
[Site "Chess.com"]
[Date "2023.05.21"]
[Round "-"]
[White "Singapourfeuj"]
[Black "swingrumbacha"]
[Result "0-1"]
[WhiteElo "2183"]
[BlackElo "2509"]
[TimeControl "300"]
[EndTime "1:03:05 PDT"]
[Termination "swingrumbacha won by checkmate"]

1. d4 Nf6 2. Nf3 c5 3. d5 b5 4. a4 Bb7 5. axb5 Bxd5 6. Nc3 Bb7 7. e3 Qc7 8. Be2 e6 9. h3 a6 10. bxa6 Be7 11. Bd2 Bxa6 12. Bxa6 Nxa6 13. O-O O-O 14. e4 d6 15. Qe2 Qb6 16. b3 Nb4 17. Bg5 Rxa1 18.
Rxa1 Rb8 19. e5 dxe5 20. Nxe5 Re8 21. Nc4 Qb8 22. Rd1 Nfd5 23. Nxd5 exd5 24. Bxe7 dxc4 25.
Rd7 Qc8 26. Qg4 h5 27. Qf5 g6 28. Qf6 Qxd7 29. Bxc5 Nd5 30. Qd4 Qc7 31. g3 Re1+ 32. Kh2 Qc6 33. bxc4 Ne3 34. g4 Qg2# 0-1

[Event "Live Chess"]
[Site "Chess.com"]
[Date "2023.05.21"]
[Round "-"]
[White "Leonid_Starozhilov"]
[Black "Rusty_Bridges"]
[Result "1-0"]
[WhiteElo "2657"]
[BlackElo "1529"]
[TimeControl "300"]
[EndTime "1:03:05 PDT"]
[Termination "Leonid_Starozhilov won by resignation"]

1. e4 d6 2. d4 Nf6 3. Nc3 Nbd7 4. Nf3 e5 5. Bc4 h6 6. g4 Nxg4 7. Rg1 Ngf6 8. Be3 a6 9. a4 Nb6 10. Bb3 Bg4 11. dxe5 Bxf3 12. Qxf3 dxe5 13. Rd1 Qc8 14.
Kf1 Be7 15. Rxg7 Rf8 16. Bxh6 1-0

[Event "Live Chess"]
[Site "Chess.com"]
[Date "2023.05.21"]
[Round "-"]
[White "Tushinskiy"]
[Black "Ocelot32"]
[Result "1-0"]
[WhiteElo "2188"]
[BlackElo "1385"]
[TimeControl "300"]
[EndTime "1:03:12 PDT"]
[Termination "Tushinskiy won by resignation"]

1. d4 d5 2. c3 Nf6 3. Nf3 Bg4 4.
Bf4 c6 5. Bg3 Nbd7 6. Nbd2 e6 7.
Ne5 Be7 8. Nxg4 Nxg4 9. e4 Nh6 10.
Bd3 O-O 11. f4 Bh4 12. Qf3 Bxg3+ 13. hxg3 dxe4 14. Nxe4 Nf6 15. Ng5 c5 16. dxc5 Qc7 17. O-O-O Qxc5 18. g4 Nfxg4 19. Bxh7+ Kh8 20. Bc2 Qe3+ 21. Qxe3 Nxe3 22. Rd2 Nc4 23. Re2 Kg8 24. g3 f5 25.
Nxe6 Rfe8 26. Rhe1 Nf7 27. Bb3 Nb6 28. Ng5 Rxe2 29.
Rxe2 Rf8 30. Re7 Nc8 31. Bxf7+ Kh8 32. Rxb7 Nd6 33. Rxa7 Nxf7 34. Rxf7 Rxf7 35. Nxf7+ Kh7 36. Ne5 1-0

[Event "Live Chess"]
[Site "Chess.com"]
[Date "2023.05.21"]
[Round "-"]
[White "jagbama"]
[Black "Long1968"]
[Result "1-0"]
[WhiteElo "1166"]
[BlackElo "1005"]
[TimeControl "300"]
[EndTime "1:03:16 PDT"]
[Termination "jagbama won on time"]

1. e4 e6 2. Nf3 d5 3. e5 c5 4. c3 d4 5. cxd4 cxd4 6. Qa4+ Nc6 7. Nxd4 Qxd4 8. Qxd4 Nxd4 9. Nc3 Nc2+ 10. Kd1 Nxa1 11. b3 Bd7 12. Bb2 Nxb3 13. axb3 Bb4 14. Kc2 Rc8 15. Bd3 Ne7 16. Ra1 a6 17. Be4 Nd5 18. Kd3 Bc6 19. Na4 Nf4+ 20. Ke3 Bxe4 21. Kxf4 Bc6 22. Nb6 Rd8 23. d4 Bd5 24. Nc4 Bxc4 25.
bxc4 O-O 26. c5 Rd5 27. Ra4 a5 28. Ba3 Bxa3 29. Rxa3 Rxd4+ 30. Ke3 Rfd8 31. Rxa5 R4d5 32. f4 b6 33. Ra6 bxc5 34. g4 c4 35. f5 Rxe5+ 36. Kf4 Red5 37. fxe6 fxe6 38. Rxe6 Rf8+ 39. Ke4 Rfd8 40. Rc6 Rd4+ 41. Ke3 Kf7 42. h3 R8d7 43. g5 g6 44. Rf6+ 1-0

[Event "Live Chess"]
[Site "Chess.com"]
[Date "2023.05.21"]
[Round "-"]
[White "seasidecastle27"]
[Black "Mugzwang"]
[Result "1-0"]
[WhiteElo "1876"]
[BlackElo "1533"]
[TimeControl "300"]
[EndTime "1:03:49 PDT"]
[Termination "seasidecastle27 won by resignation"]

1. d4 d5 2. Nf3 Nf6 3. Bf4 c5 4.
e3 Nc6 5. c3 Qb6 6. Qb3 c4 7.
Qxb6 axb6 8. Nbd2 b5 9. Ne5 e6 10. a3 b4 11. Nxc6 bxc6 12. cxb4 Bxb4 13. O-O-O Bxd2+ 14. Rxd2 Ne4 15. Rc2 O-O 16. f3 Nf6 17. Bd6 Re8 18.
g4 h6 19. h4 Nh7 20. f4 Rd8 21. Bc5 Nf6 22. g5 hxg5 23. hxg5 Ne4 24. Rch2 1-0

[Event "Live Chess"]
[Site "Chess.com"]
[Date "2023.05.21"]
[Round "-"]
[White "Crowded_House"]
[Black "Salpingidis"]
[Result "0-1"]
[WhiteElo "1670"]
[BlackElo "2221"]
[TimeControl "300"]
[EndTime "1:03:50 PDT"]
[Termination "Salpingidis won by resignation"]

1. d4 e6 2. Nf3 Nf6 3. Bg5 d5 4.
e3 Be7 5. c3 O-O 6. Bd3 b6 7.
Nbd2 Bb7 8. O-O c5 9. Qb1 h6 10. Bh4 Nc6 11. Re1 Nd7 12. Bxe7 Qxe7 13. h3 e5 14. dxe5 Ndxe5 15. Nxe5 Nxe5 16. Be2 Rad8 17. Nf3 d4 18. exd4 cxd4 19. Nxe5 Qxe5 20. Bf3 Qc7 21. Bxb7 Qxb7 22. cxd4 Rxd4 23. Rd1 Rfd8 24. Rxd4 Rxd4 25. Qc2 Qd7 26. Rc1 Rd2 27. Qc8+ Qxc8 28. Rxc8+ Kh7 29. Rc7 a5 30. Rxf7 Rxb2 31. Rb7 b5 32. a3 Rb3 33. a4 bxa4 34. Rd7 a3 35. Rd1 a2 36. Ra1 Rb1+ 37. Rxb1 axb1=Q+ 0-1

[Event "Live Chess"]
[Site "Chess.com"]
[Date "2023.05.21"]
[Round "-"]
[White "JamesWallman"]
[Black "SupremeTactician"]
[Result "0-1"]
[WhiteElo "755"]
[BlackElo "2284"]
[TimeControl "300"]
[EndTime "1:04:08 PDT"]
[Termination "SupremeTactician won by checkmate"]

1. e4 e5 2. Nf3 Nc6 3. Bc4 Bc5 4. c3 Nf6 5. d3 O-O 6. b4 Bb6 7. b5 Na5 8. Nxe5 d6 9. Nf3 Nxc4 10. dxc4 Nxe4 11.
Qe2 Bg4 12. Qxe4 Re8 13. Qxe8+ Qxe8+ 14. Be3 Bxe3 15. fxe3 Qxe3+ 16. Kf1 Bxf3 17. gxf3 Qxf3+ 18. Kg1 Re8 19. Nd2 Qe3+ 20. Kf1 Qe2+ 21. Kg1 Qxd2 22. Rf1 Re2 23. h3 Rg2# 0-1

[Event "Live Chess"]
[Site "Chess.com"]
[Date "2023.05.21"]
[Round "-"]
[White "WelshTiger"]
[Black "booktrunk"]
[Result "1-0"]
[WhiteElo "2360"]
[BlackElo "1287"]
[TimeControl "300"]
[EndTime "1:04:13 PDT"]
[Termination "WelshTiger won by resignation"]

1. e4 d5 2. exd5 Qxd5 3. Nc3 Qe5+ 4. Be2 Bg4 5. d4 Qe6 6. Be3 Bxe2 7. Ngxe2 c6 8. d5 Qd6 9. dxc6 Qxd1+ 10. Rxd1 Nxc6 11. Nb5 Rc8 12. O-O a6 13. Nbc3 e6 14. a3 Nf6 15.
Na4 Be7 16. Nb6 Rd8 17. c4 O-O 18. b4 Rxd1 19. Rxd1 Rd8 20. Rxd8+ Bxd8 21. Na4 Ne5 22. c5 Nc4 23. Bc1 Ne4 24. f3 Nf6 25. Kf2 Nd5 26.
Nec3 Nxc3 27. Nxc3 Kf8 28. Ke2 Ke7 29. Kd3 Ne5+ 30.
Ke4 Nc6 31. Bf4 f5+ 32. Kd3 h6 33. Be3 g6 34. Bxh6 Kf7 35. Bc1 Bc7 36. g3 Kf6 37. f4 e5 38. Nd5+ 1-0